AoeStats
← Ciruelitaruby

Arabia

505263580Analyzed
1v1 RM · 25d ago on Sep 8, 2026· 52m 57s· 2 players
Game mode
Random Map
Map size
Tiny (2 player)
Population
200
Speed
Normal
Resources
Standard
Victory
Conquest
Starting age
Dark Age
Ending age
Imperial Age
RankedLock teamsTeams togetherTeam positionsShared explorationLock speedFull tech treeHidden civsTurbo modeCheats
Victory
Defeat
🇪🇸 Inca · Spain
1652
+19
🇺🇸 Magyars · United States
1707
-19
Ciruelitaruby
6:46 Loom
9:51 Feudal Age
11:17 Double-Bit Axe
18:05 Fletching
21:32 Castle Age
19:42 Gold Mining
19:33 Horse Collar
21:25 Padded Archer Armor
21:34 Crossbowman
22:10 Bodkin Arrow
22:14 Town Watch
24:53 Bow Saw
29:28 Wheelbarrow
31:36 Heavy Plow
35:27 Imperial Age
33:43 Ballistics
36:44 Bracer
36:22 Arbalester
38:04 Leather Archer Armor
39:19 Ring Archer Armor
41:13 Chemistry
42:12 Elite Skirmisher
43:10 Masonry
44:47 Conscription
44:40 Scale Mail Armor
44:50 Forging
45:12 Hand Cart
45:37 Chain Mail Armor
46:06 Champi Runner
47:14 Champi Warrior
47:15 Pikeman
51:53 Plate Mail Armor
52:35 Squires
53:11 Iron Casting
53:21 Stone Mining
mxrider971
4:56 Loom
8:54 Feudal Age
9:42 Double-Bit Axe
14:53 Fletching
22:04 Castle Age
20:59 Bloodlines
20:52 Horse Collar
22:53 Bodkin Arrow
23:33 Padded Archer Armor
24:03 Husbandry
24:59 Bow Saw
27:51 Ballistics
30:15 Wheelbarrow
29:27 Elite Skirmisher
31:40 Hand Cart
31:10 Town Watch
34:11 Leather Archer Armor
39:59 Imperial Age
38:53 Light Cavalry
40:43 Bracer
41:14 Ring Archer Armor
42:09 Chemistry
44:35 Hussar
48:45 Scale Barding Armor
50:12 Chain Barding Armor
51:39 Plate Barding Armor
Connection lost

Rejoining the realm…

Still unreachable

The connection could not be restored.

Session expired

The server has moved on; the page needs a fresh start.